 Dungeon Crawl Stone Soup version 0.18.1-50-g88ac8fd (webtiles) character file.

16612 Ponchio the Thaumaturge (level 12, -2/59 HPs)
             Began as a Deep Elf Conjurer on Oct 10, 2016.
             Was an Elder of Vehumet.
             Engulfed by an ice statue's freezing vapour (20 damage)
             ... in an ice cave.
             The game lasted 01:53:10 (14019 turns).

Ponchio the Thaumaturge (Deep Elf Conjurer)        Turns: 14019, Time: 01:53:10

Health: -2/59      AC:  5    Str:  5    XL:     12   Next: 11%
Magic:  45/56      EV: 18    Int: 26    God:    Vehumet [****..]
Gold:   786        SH:  3    Dex: 15    Spells: 4 memorised, 25 levels left

rFire  . . .     SeeInvis .     t - staff of power
rCold  . . .     Gourm    .     a - +0 robe
rNeg   + . .     Faith    .     (no shield)
rPois  .         Spirit   .     (no helmet)
rElec  .         Dismiss  .     (no cloak)
rCorr  .         Reflect  +     (no gloves)
SustAt .         Harm     .     C - +2 pair of boots
MR     +....                    h - +3 amulet of reflection
Stlth  ++........               e - ring of positive energy
                                A - ring of magical power

@: somewhat resistant to hostile enchantments, unstealthy
A: no striking features
a: Renounce Religion


You were in an ice cave.
You worshipped Vehumet.
Vehumet was greatly pleased with you.
You were not hungry.

You visited 3 branches of the dungeon, and saw 13 of its levels.
You also visited: Ice Cave.

You collected 786 gold pieces.

Inventory:

Hand Weapons
 k - a +2 dagger of venom
Armour
 a - a +0 robe (worn)
 C - a +2 pair of boots (worn)
Magical Staves
 t - an uncursed staff of power (weapon)
Rods
 y - a -2 rod of shadows (9/9)
   (You found it on level 3 of the Lair of Beasts)
Jewellery
 e - a ring of positive energy (right hand)
 h - a +3 amulet of reflection (around neck)
 l - an uncursed ring of ice
 u - a +4 ring of strength
 A - a ring of magical power (left hand)
Wands
 D - a wand of flame (45/48)
 H - a wand of iceblast (10/15)
Scrolls
 d - a scroll of teleportation
 j - 10 scrolls of remove curse
 o - 3 scrolls of identify
 v - 2 scrolls of fog
 x - 5 scrolls of magic mapping
 G - 3 scrolls of blinking
Potions
 f - 2 potions of invisibility
 m - a potion of brilliance
 n - 2 potions of curing
 p - 3 potions of lignification
 q - 3 potions of magic
 r - a potion of agility
 s - a potion of heal wounds
 E - 4 potions of flight
 J - a potion of might
Books
 b - a book of Conjurations

   Spells                             Type                      Level
   a - Magic Dart                     Conjuration                  1
   b - Searing Ray                    Conjuration                  2
   c - Dazzling Spray                 Conjuration/Hexes            3
   d - Fulminant Prism                Conjuration/Hexes            4
   e - Iskenderun's Mystic Blast      Conjuration                  4
   f - Iskenderun's Battlesphere      Conjuration/Charms           5
 w - a book of the Dragon

   Spells                             Type                      Level
   a - Flame Tongue                   Conjuration/Fire             1
   b - Cause Fear                     Hexes                        4
   c - Bolt of Fire                   Conjuration/Fire             6
   d - Dragon Form                    Transmutation                7
   e - Dragon's Call                  Summoning                    9
 z - Ponchio's Almanac of Conjuration
   (You acquired it on level 3 of the Lair of Beasts)

   Spells                             Type                      Level
   a - Sticky Flame                   Conjuration/Fire             4
   b - Poisonous Cloud                Conjuration/Poison/Air       6
   c - Delayed Fireball               Conjuration/Fire             7
 F - Keheicau's Catalogue of Dusty Toxins
   (You found it on level 3 of the Lair of Beasts)

   Spells                             Type                      Level
   a - Sandblast                      Earth                        1
   b - Mephitic Cloud                 Conjuration/Poison/Air       3
   c - Spider Form                    Transmutation/Poison         3
   d - Leda's Liquefaction            Hexes/Earth                  4
   e - Petrify                        Transmutation/Earth          4
   f - Alistair's Intoxication        Transmutation/Poison         5
Comestibles
 c - 14 bread rations
 g - 8 meat rations
 i - 3 fruits


   Skills:
 - Level 10.0 Dodging
 - Level 2.4 Stealth
 - Level 14.6 Spellcasting
 - Level 10.9 Conjurations
 - Level 5.7 Hexes
 - Level 10.4 Charms
 + Level 7.0 Fire Magic


You had 25 spell levels left.
You knew the following spells:

 Your Spells              Type           Power        Failure   Level  Hunger
a - Magic Dart            Conj           ####         1%          1    None
b - Dazzling Spray        Conj/Hex       ######       1%          3    None
c - Iskenderun's Battles  Conj/Chrm      ######..     1%          5    #......
d - Bolt of Fire          Conj/Fire      ######....   3%          6    ####...


Dungeon Overview and Level Annotations

Branches:
Dungeon (8/15)             Temple (1/1) D:6            Lair (4/8) D:8
  Swamp: Lair:3-6    Shoals: Lair:3-6     Snake: Lair:3-6    Spider: Lair:3-6

Altars:
Ashenzari
Cheibriados
Dithmenos
Elyvilon
Fedhas
Gozag
Kikubaaqudgha
Makhleb
Nemelex Xobeh
Okawaru
Pakellas
Qazlal
Ru
Sif Muna
Vehumet
Xom
Yredelemnul
Zin
The Shining One

Annotations:
D:3 Sigmund IceCv exclusion: 2 ice statues


Message History

Marking area around the ice statue as unsafe for travelling. 2 ice statues come into view.
The ice statue gestures at you. The freezing blast misses you.
Found a scroll of enchant weapon and a scroll labeled KYSUON MENAFOI.
Casting: Iskenderun's Battlesphere
Confirm with . or Enter, or press ? or * to list all spells.
Aiming: Dazzling Spray
Press: ? - help, Shift-Dir - straight line, f - ice statue
Aim: an ice statue The spray of energy hits the ice statue.
The ice statue is moderately damaged.
You are engulfed in freezing vapours.
Your battlesphere fires!
The barrage of energy hits the ice statue.
The ice statue is heavily damaged.
The ice statue gestures.
The ice statue gestures at you. The freezing blast engulfs you!
You are engulfed in freezing vapours.
You die...

#...∩...#
##.....##
##...## ##...#
#...## #...##
##...# ##...##
##8#.§@§.#8##
#....§§§....#
#.Y...*§§§....#
#.............#
...............
...............
.......⌠.......
...............
...............


You could see an ice beast and a friendly battlesphere.

Vanquished Creatures
  2 hydras (Lair:1)
  A catoblepas (Lair:3)
  An oklob plant (Lair:2)
  An ugly thing (D:7)
  2 black mambas
  3 spiny frogs
  6 komodo dragons
  A rime drake (Lair:2)
  5 ice devils (IceCv)
  8 blink frogs
  A spriggan (D:7)
  A basilisk (Lair:2)
  2 humans (D:7)
  4 yaks (Lair:4)
  5 hippogriffs
  A steam dragon (D:8)
  8 water moccasins
  4 porcupines
  2 orc warriors
  2 ice beasts
  An eye of draining (D:8)
  2 phantoms
  4 centaurs
  8 crocodiles
  20 giant frogs
  A big kobold (D:6)
  A scorpion (D:6)
  2 howler monkeys
  4 crimson imps
  A centaur zombie (D:7)
  A hound (D:7)
  3 jellies
  4 orc priests
  A giant frog skeleton (D:4)
  Ijyb (D:2)
  Natasha (twice) (D:3)
  8 iguanas
  8 worker ants
  7 orc wizards
  A killer bee zombie (D:6)
  A howler monkey zombie (D:8)
  8 gnolls
  A howler monkey skeleton (D:6)
  35 river rats
  6 adders
  A shadow imp (D:7)
  An ooze (D:5)
  An adder skeleton (D:7)
  2 worms
  2 dart slugs
  11 giant geckos
  17 orcs
  7 bats
  5 giant cockroaches
  5 hobgoblins
  6 jackals
  4 quokkas
  A ball python (D:4)
  A giant gecko zombie (D:5)
  10 giant newts
  7 goblins
  2 jackal skeletons (D:6)
  16 kobolds
  10 rats
  A fungus (Lair:3)
301 creatures vanquished.

Vanquished Creatures (others)
  An orc (D:6)
  A fungus (Lair:1)
  A plant (Lair:1)
3 creatures vanquished.

Grand Total: 304 creatures vanquished

Notes
Turn   | Place    | Note
--------------------------------------------------------------
     0 | D:1      | Ponchio the Deep Elf Conjurer began the quest for the Orb.
     0 | D:1      | Reached XP level 1. HP: 10/10 MP: 6/6
   146 | D:1      | Reached skill level 4 in Spellcasting
   146 | D:1      | Reached XP level 2. HP: 15/15 MP: 2/9
   696 | D:2      | Noticed Ijyb
   710 | D:2      | Killed Ijyb
   710 | D:2      | Reached skill level 5 in Spellcasting
   710 | D:2      | Reached XP level 3. HP: 11/19 MP: 6/11
   854 | D:2      | Found an oddly glowing altar of Pakellas.
   902 | D:2      | Found a snail-covered altar of Cheibriados.
  1178 | D:2      | Learned a level 3 spell: Dazzling Spray
  1315 | D:2      | Reached XP level 4. HP: 24/24 MP: 9/13
  1369 | D:2      | Reached skill level 6 in Spellcasting
  1390 | D:2      | Noticed a giant frog
  1394 | D:2      | Killed a giant frog
  1394 | D:2      | Reached skill level 7 in Spellcasting
  1394 | D:2      | Reached XP level 5. HP: 28/28 MP: 9/16
  1404 | D:2      | Learned a level 5 spell: Iskenderun's Battlesphere
  1740 | D:3      | Reached skill level 1 in Charms
  2301 | D:3      | Noticed Sigmund
  2386 | D:3      | Noticed Natasha
  2391 | D:3      | Killed Natasha
  2548 | D:3      | Noticed Natasha
  2555 | D:3      | Killed Natasha
  2555 | D:3      | Reached XP level 6. HP: 25/32 MP: 14/18
  2785 | D:4      | Reached skill level 5 in Charms
  3616 | D:5      | Entered Level 5 of the Dungeon
  3781 | D:5      | Identified a +0 rod of clouds (12/12) (You found it on level 5 of the Dungeon)
  3989 | D:5      | Noticed an ice beast
  3994 | D:5      | Killed an ice beast
  3994 | D:5      | Reached skill level 8 in Spellcasting
  3994 | D:5      | Reached XP level 7. HP: 36/36 MP: 20/20
  4345 | D:5      | Reached skill level 9 in Spellcasting
  4814 | D:5      | Reached skill level 1 in Hexes
  4855 | D:5      | Found an ancient bone altar of Kikubaaqudgha.
  5216 | D:6      | Found a sacrificial altar of Ru.
  5317 | D:6      | Found a staircase to the Ecumenical Temple.
  5330 | Temple   | Entered the Ecumenical Temple
  5338 | Temple   | Reached skill level 5 in Hexes
  5338 | Temple   | Reached XP level 8. HP: 33/41 MP: 11/23
  5688 | Temple   | Became a worshipper of Vehumet
  5863 | D:6      | Reached skill level 10 in Spellcasting
  6009 | D:6      | Found an oddly glowing altar of Pakellas.
  6064 | D:6      | Found an opulent altar of Gozag.
  6090 | D:6      | Reached skill level 5 in Conjurations
  6475 | D:6      | Reached * piety under Vehumet
  6475 | D:6      | Offered knowledge of Shock by Vehumet.
  6917 | D:7      | Noticed a green ugly thing
  7388 | D:6      | Reached skill level 5 in Dodging
  7494 | D:7      | Reached XP level 9. HP: 45/45 MP: 18/25
  7652 | D:7      | Reached skill level 11 in Spellcasting
  7883 | D:7      | Killed a green ugly thing
  8029 | D:7      | Reached ** piety under Vehumet
  8029 | D:7      | Offered knowledge of Throw Frost by Vehumet.
  8396 | D:7      | Found a deep blue altar of Sif Muna.
  8500 | D:7      | Found an iron altar of Okawaru.
  8794 | D:8      | Noticed a komodo dragon
  8875 | D:8      | Killed a komodo dragon
  8875 | D:8      | Reached XP level 10. HP: 22/50 MP: 27/27
 10026 | D:8      | Reached skill level 12 in Spellcasting
 10043 | D:8      | Found a staircase to the Lair.
 10144 | Lair:1   | Entered Level 1 of the Lair of Beasts
 10146 | Lair:1   | Noticed a six-headed hydra
 10151 | Lair:1   | Killed a six-headed hydra
 10151 | Lair:1   | Offered knowledge of Throw Flame by Vehumet.
 10158 | Lair:1   | Reached skill level 10 in Dodging
 10420 | Lair:1   | Noticed a spiny frog
 10426 | Lair:1   | Killed a spiny frog
 10626 | Lair:1   | Noticed an eight-headed hydra
 10630 | Lair:1   | Killed an eight-headed hydra
 10630 | Lair:1   | Reached skill level 13 in Spellcasting
 10630 | Lair:1   | Reached XP level 11. HP: 54/54 MP: 30/30
 10713 | Lair:1   | Identified a scroll of acquirement
 10720 | Lair:1   | Reached skill level 10 in Charms
 11147 | Lair:1   | Reached *** piety under Vehumet
 11600 | Lair:2   | Offered knowledge of Conjure Flame by Vehumet.
 11650 | Lair:2   | Reached skill level 10 in Conjurations
 11842 | Lair:2   | Found a shattered altar of Ashenzari.
 11842 | Lair:2   | Noticed an oklob plant
 12075 | Lair:2   | Killed an oklob plant
 12075 | Lair:2   | Reached skill level 14 in Spellcasting
 12620 | Lair:3   | Learned a level 6 spell: Bolt of Fire
 12658 | Lair:3   | Reached **** piety under Vehumet
 12662 | Lair:3   | Reached skill level 1 in Fire Magic
 12674 | Lair:3   | Noticed a catoblepas
 12864 | Lair:3   | Offered knowledge of Irradiate by Vehumet.
 12925 | Lair:3   | Killed a catoblepas
 13094 | Lair:3   | Identified Keheicau's Catalogue of Dusty Toxins
 13446 | Lair:3   | Identified Ponchio's Almanac of Conjuration (You acquired it on level 3 of the Lair of Beasts)
 13472 | Lair:4   | Reached skill level 5 in Fire Magic
 13609 | Lair:4   | Reached XP level 12. HP: 59/59 MP: 32/32
 13672 | Lair:4   | Found a frozen archway.
 13683 | IceCv    | Entered an ice cave
 14019 | IceCv    | Engulfed by an ice statue's freezing vapour

Skill      XL: |  1  2  3  4  5  6  7  8  9 10 11 12 |
---------------+-------------------------------------+-----
Spellcasting   | 4 5 7 8 9 10 11 13 14 | 14.6
Charms         | 4 5 7 8 9 10 | 10.4
Hexes          | 5 |  5.7
Dodging        | 5 8 10 | 10.0
Conjurations   | 6 7 9 10 | 10.9
Fire Magic     | 5 7 |  7.0
Stealth        | |  2.4

Action                   |  1- 3 |  4- 6 |  7- 9 | 10-12 || total
-------------------------+-------+-------+-------+-------++-------
Melee: Dagger            |    12 |     6 |       |       ||    18
       Staff             |       |    10 |     4 |       ||    14
 Cast: Magic Dart        |    56 |    73 |   125 |   108 ||   362
       Dazzling Spray    |       |    39 |   185 |   195 ||   419
       Iskenderun's Batt |       |       |    12 |    49 ||    61
       Bolt of Fire      |       |       |       |     7 ||     7
Evoke: Wand              |       |       |     2 |       ||     2
  Use: Scroll            |       |    16 |     4 |     7 ||    27
       Potion            |       |       |     2 |       ||     2
 Stab: Invisible         |       |       |     1 |       ||     1
  Eat: Chunk             |     1 |     8 |    14 |    14 ||    37
       Beef jerky        |       |       |     2 |     1 ||     3
       Pizza             |       |       |       |     1 ||     1
       Royal jelly       |       |       |       |     1 ||     1
       Fruit             |       |       |       |     1 ||     1
Armor: Robe              |     1 |     1 |    16 |     3 ||    21
Dodge: Dodged            |     7 |    22 |   100 |    50 ||   179
Block: Other             |     1 |     4 |    17 |     2 ||    24
       Reflection        |       |       |     2 |       ||     2
